Map: Terraform LE (Void)

Players

SticklerMac - Winner!

  • Race: Zerg Zerg
  • League: Grandmaster

Kyrillos

  • Race: Zerg Zerg
  • League: Grandmaster

VOD

Have the link to the VOD?

Description

Time

  • Played on: Aug. 4, 2015, 10:44 p.m.
  • Length: 4:09
Show
View Real Time Build Order
Export as new Build Order

SticklerMac Zerg - Winner!

Build Orders: Pool First 

Get SALT Encoding   

  12  0:01  Drone  
  13  0:10  Drone  
  14  0:17  Overlord  
  14  0:34  Spawning Pool  
  13  0:37  Drone  
  13  0:41  Drone  
  15  0:48  Drone  
  15  0:49  Drone  
  17  0:52  Extractor  
  16  0:59  Drone  
  17  1:21  Hatchery  
  17  1:22  Drone  
  17  1:28  Zergling x2  
  17  1:31  Zergling x2  
  19  1:40  Queen  
  19  1:44  Zergling x2  
  22  1:57  Overlord  
  22  2:00  Metabolic Boost  
  22  2:12  Overlord  
  22  2:16  Zergling x2  
  23  2:30  Zergling x2  
  23  2:33  Queen  
  23  2:35  Queen  
  28  2:39  Zergling x2  
  29  2:52  Baneling Nest  
  29  2:53  Drone  
  29  2:54  Drone  
  30  3:09  Zergling x8  
  34  3:18  Drone x2  
  36  3:26  Overlord  
  36  3:30  Overlord  
  35  3:49  Zergling x2  
  35  3:50  Zergling x10  
Show
View Real Time Build Order
Export as new Build Order

Kyrillos Zerg 

Build Orders: Hatch First 

Get SALT Encoding   

  12  0:01  Drone  
  13  0:14  Drone  
  14  0:17  Overlord  
  14  0:36  Drone x3  
  18  0:57  Drone  
  18  0:58  Hatchery  
  17  1:21  Spawning Pool  
  17  1:23  Extractor  
  17  1:24  Drone x2  
  17  1:25  Drone, Extractor  
  17  1:37  Drone  
  18  1:50  Drone  
  19  1:58  Overlord  
  19  2:08  Queen  
  19  2:10  Queen  
  19  2:12  Drone  
  19  2:14  Drone  
  25  2:21  Metabolic Boost  
  25  2:31  Evolution Chamber  
  25  2:36  Evolution Chamber  
  23  2:37  Drone  
  23  2:41  Drone  
  25  2:45  Drone  
  26  2:56  Queen  
  28  3:06  Queen  
  28  3:11  Drone  
  31  3:22  Drone x3  
  31  3:23  Drone  
  35  3:36  Overlord  
  35  3:43  Zergling x2  
  32  3:51  Zergling x8  
Tags
 
Add a new tag
Caveats
  • Supply blocks, unpowered buildings, or Contaminate may cause inaccurate times.
  • Supply counts are checked every 10 seconds.